 Dungeon Crawl Stone Soup version 0.27-a0-901-g8736458e1e (webtiles) character file.

Game seed: 16061520038845240129

70 HELP the Sneak (level 4, 0/27 HPs)
             Began as an Octopode Hedge Wizard on Apr 6, 2021.
             Was a Believer of Vehumet.
             Slain by a hobgoblin
             ... wielding a +0 vorpal war axe
              (13 damage)
             ... on level 2 of the Dungeon.
             The game lasted 00:11:04 (2354 turns).

HELP the Sneak (Octopode Hedge Wizard)              Turns: 2354, Time: 00:11:04

Health: 0/27       AC:  1    Str:  9    XL:     4   Next: 21%
Magic:  7/9        EV: 13    Int: 17    God:    Vehumet [**....]
Gold:   95         SH:  0    Dex: 11    Spells: 4/10 levels left

rFire    . . .     SeeInvis .   a - +0 dagger
rCold    . . .     Faith    .   (no shield)
rNeg     + . .     Spirit   .   l - +0 hat
rPois    .         Reflect  .   (no amulet)
rElec    .         Harm     .   h - ring of positive energy
rCorr    .         Rampage  .   (no ring)
Will     .....                  (no ring)
Stlth    +++.......             (no ring)
HPRegen  0.09/turn              (no ring)
MPRegen  0.11/turn              (no ring)
                                (no ring)
                                (no ring)

@: no status effects
A: almost no armour, amphibious, 8 rings, camouflage 1, gelatinous body 1,
(nimble swimmer 1), tentacles
a: Renounce Religion


You were on level 2 of the Dungeon.
You worshipped Vehumet.
Vehumet was pleased with you.
You visited 1 branch of the dungeon, and saw 3 of its levels.

You collected 106 gold pieces.
You spent 11 gold pieces at shops.

Inventory:

Hand Weapons
 a - a +0 dagger (weapon)
Missiles
 g - 27 sling bullets
 j - 34 poisoned darts
Armour
 l - a +0 hat (worn)
Magical Staves
 b - a staff of air
 n - a staff of cold
Jewellery
 h - a ring of positive energy (left tentacle)
 k - a ring of see invisible
Scrolls
 c - a scroll of immolation {unknown}
 f - 4 scrolls of noise {unknown}
 o - a scroll of teleportation {unknown}
Potions
 d - a potion of heal wounds {unknown}
 e - 2 potions of brilliance {unknown}
 i - a potion of curing {unknown}
 m - a potion of lignification {unknown}


   Skills:
 - Level 2.0 Dodging
 + Level 3.9 Stealth
 + Level 3.6 Spellcasting
 - Level 1.4 Conjurations
 - Level 1.0 Summonings
 * Level 2.1 Translocations


You had 4 spell levels left.
You knew the following spells:

 Your Spells              Type           Power      Damage    Failure   Level
a - Magic Dart            Conj           32%        1d4       9%          1
b - Blink                 Tloc           N/A        N/A       10%         2
c - Searing Ray           Conj           16%        3d3       14%         2
q - Shock                 Conj/Air       20%        1d4       12%         1

Your spell library contained the following spells:

 Spells                   Type           Power      Damage    Failure   Level
 Call Imp                 Summ           6%         N/A       16%         2
 Slow                     Hex            3%         N/A       26%         2
 Conjure Flame            Conj/Fire      5%         6-21      36%         3
 Mephitic Cloud           Conj/Pois/Air  4%         N/A       38%         3


Dungeon Overview and Level Annotations

Branches:
Dungeon (3/15)

Altars:
Vehumet
The Shining One

Shops:
D:2 !


Innate Abilities, Weirdness & Mutations

You cannot wear most types of armour.
You are amphibious.
You can wear up to eight rings at the same time.
Your skin changes colour to match your surroundings (Stealth+).
Your rubbery body absorbs attacks. (AC +1, EV +1)
((You are camouflaged near water. (Stealth+)))
You have tentacles for arms and can constrict up to eight enemies at once.


Message History

Memorise Searing Ray, consuming 2 spell levels and leaving 4?
Vehumet grants you knowledge of Searing Ray.
You start memorising the spell.
You continue memorising. x2
You finish memorising.
You add the spell Searing Ray to your library.
Spell assigned to 'c'.
You climb upwards.
A hobgoblin comes into view. It is wielding a +0 vorpal war axe.
There is a stone staircase leading down here.
Adjust (i)tems, (s)pells, or (a)bilities?
Huh?
Unknown command.
Casting: Magic Dart (safe; 9% risk of failure)
Confirm with . or Enter, or press ? or * to list all spells.
Okay, then.
Casting: Magic Dart (safe; 9% risk of failure)
Confirm with . or Enter, or press ? or * to list all spells.
Aiming: Magic Dart (safe; 9% risk of failure)
Press: ? - help, Shift-Dir - straight line, f - hobgoblin
Aim: a hobgoblin, wielding a +0 vorpal war axe and wearing a +0 leather armour (wandering, hasn't noticed you, 0% to evade)
The magic dart hits the hobgoblin but does no damage.
The hobgoblin shouts!
The hobgoblin drinks a potion.
The hobgoblin flickers and vanishes!
Deactivating autopickup; reactivate with Ctrl-A.
Casting: Magic Dart (safe; 9% risk of failure)
Confirm with . or Enter, or press ? or * to list all spells.
You can't see any susceptible monsters within range! (Use Z to cast anyway.)
Casting: Magic Dart (safe; 9% risk of failure)
Confirm with . or Enter, or press ? or * to list all spells.
Aiming: Shock (safe; 12% risk of failure)
Press: ? - help, Shift-Dir - straight line
Casting: Shock (safe; 12% risk of failure)
Confirm with . or Enter, or press ? or * to list all spells.
Aiming: Shock (safe; 12% risk of failure)
Press: ? - help, Shift-Dir - straight line The zap hits something but does no damage.
You hit something but do no damage. Something hits you!
You miss something. Something hits you.
You closely miss something. Your squeeze misses something. Something hits you!
You die...

#........# #..
#........######..
#..{.............
#........########
#........# #........#
#####...##
#############...#########
#.......@.....>........(.
#.###################....
#.# #.... #.#
###############.... #.#
#.............'.... #.#
#.#############.... #.#
#.#### #.... #.# #....#
#.... #.#######.##
###....


There were no monsters in sight!

Vanquished Creatures
  3 adders (D:2)
  A worm (D:2)
  A dart slug (D:2)
  2 endoplasms (D:1)
  A giant cockroach (D:2)
  A goblin (D:1)
  5 hobgoblins
  4 jackals (D:1)
  A quokka (D:2)
  3 ball pythons
  5 bats
  2 frilled lizards
  2 kobolds (D:2)
  8 rats
39 creatures vanquished.

Notes
Turn   | Place    | Note
-------+----------+-------------------------------------------
     0 | D:1      | HELP the Octopode Hedge Wizard began the quest for the Orb.
     0 | D:1      | Reached XP level 1. HP: 11/11 MP: 4/4
     5 | D:1      | Found a faded altar of an unknown god.
    13 | D:1      | Became a worshipper of Vehumet
    13 | D:1      | Reached * piety under Vehumet
    13 | D:1      | Offered knowledge of Shock by Vehumet.
    16 | D:1      | Learned a level 1 spell: Shock
   405 | D:1      | Reached XP level 2. HP: 17/17 MP: 4/6
  1125 | D:1      | Learned a level 2 spell: Blink
  1165 | D:2      | Offered knowledge of Searing Ray by Vehumet.
  1380 | D:2      | Reached ** piety under Vehumet
  1393 | D:2      | Reached XP level 3. HP: 17/21 MP: 4/7
  1943 | D:2      | Found Plog's Distillery.
  1948 | D:2      | Bought a potion of degeneration for 11 gold pieces
  1956 | D:2      | Found a glowing golden altar of the Shining One.
  1987 | D:2      | Reached XP level 4. HP: 27/27 MP: 4/9
  2339 | D:3      | Learned a level 2 spell: Searing Ray
  2354 | D:2      | Slain by a hobgoblin

Illustrated notes

Levels and vault maps discovered:
D:1:      dpeg_arrival_ratfight, layout_loops_ring, basic_ecumenical_altar
D:2:      layout_basic, basic_altar, serial_shops, shop, minmay_heptomino_o4
D:3:      layout_loops_cross, lemuel_crystal_altar

Skill      XL: |  1  2  3 |
---------------+----------+-----
Stealth        | 3 |  3.9
Translocations | 2 |  2.1
Dodging        | |  2.0
Spellcasting   | |  3.6
Conjurations   | |  1.4
Summonings     | |  1.0

Action                   |  1- 3 |  4- 6 || total
-------------------------+-------+-------++-------
Melee: Dagger            |    62 |    12 ||    74
       Constrict         |    18 |     3 ||    21
       Tentacles         |     6 |     2 ||     8
 Cast: Magic Dart        |    28 |     1 ||    29
       Shock             |     6 |     2 ||     8
 Stab: Sleeping          |     4 |       ||     4
Armor: Skin              |     5 |       ||     5
Dodge: Dodged            |    34 |     7 ||    41

Table legend: (Time is in decaauts)
 A = Elapsed time spent in this place.
 B = Non-inter-level travel time spent in this place.
 C = Inter-level travel time spent in this place.
 D = Time resting spent in this place.
 E = Time spent auto-exploring this place.
 F = Levels seen in this place.
 G = Mean time per level.
                   A        B        C        D        E       F      G
               +--------+--------+--------+--------+--------+-----+--------+
         Total |   2352 |   2265 |     87 |      0 |   1933 |   3 |  784.0 |
       Dungeon |   2352 |   2265 |     87 |      0 |   1933 |   3 |  784.0 |
               +--------+--------+--------+--------+--------+-----+--------+

Top non-repeatable levels by time:
     D:2: 1223 daAuts
     D:1: 1124 daAuts
     D:3: 4 daAuts
